TKirby, chaotic female elven Wizard ----------- ------------- |.........| #@`.........`| |.........| |u....`.....| |...^.%...| |n..-----...| |.........| +...| |...| #....%.....| |..`. |`..| ###----------- ....| |...| # |...-----...| ### ......`.....| # |`...%....%*-######### ------------- TKirby the Thaumaturge Experience level: 7 Strength: 13 Dexterity: 12 Constitution: 16 Intelligence: 20 Wisdom: 9 Charisma: 9 Health: 0(47) Energy: 2(80) Def: 1 Gold: 66 Moves: 5773 Dungeon seed: dfpoCKg2UW3LCbWu Game ID: TKirby_1507305841 Your Inventory: Coins $ - 66 gold pieces Weapons a - a blessed +1 quarterstaff v - a +0 silver saber (alternate weapon; not wielded) x - 10 blessed +0 elven arrows B - the +0 Sting (weapon in hand) Armor e - an uncursed +0 cloak of magic resistance (being worn) Comestibles z - 2 uncursed tripe rations R - an uncursed food ration Scrolls h - 3 uncursed scrolls of remove curse q - an uncursed scroll of teleportation w - 3 uncursed scrolls of identify I - an uncursed scroll of blank paper L - an uncursed scroll of enchant armor O - an uncursed scroll of gold detection P - an uncursed scroll of amnesia Spellbooks j - a blessed spellbook of force bolt k - an uncursed spellbook of remove curse s - a blessed spellbook of force bolt Potions f - 2 uncursed potions of gain energy g - an uncursed potion of sickness t - an uncursed potion of extra healing C - an uncursed potion of speed E - an uncursed potion of healing F - an uncursed potion of fruit juice G - a blessed potion of restore ability Rings c - an uncursed ring of searching (on left hand) d - an uncursed ring of polymorph control Wands b - a wand of magic missile (0:5) Tools l - an uncursed blindfold m - an uncursed bell p - an uncursed lock pick A - 4 uncursed wax candles (0:400) J - a +0 pick-axe Q - 7 uncursed tallow candles (0:200) Gems n - an uncursed worthless piece of violet glass r - an uncursed chrysoberyl stone y - 2 uncursed amethyst stones N - an uncursed worthless piece of green glass Y - 2 uncursed worthless pieces of black glass Spells and supernatural/magical abilities: Name Level Category Fail Memory a - force bolt 1 attack 0% 72% r - remove curse 3 clerical 63% 72% W - pray for help -- divine ? -- Your skills at the end: Fighting Skills Weapon Skills dagger [Basic] quarterstaff [Basic] Spellcasting Skills attack spells [Basic] enchantment spells [Basic] Final Attributes: You were piously aligned. You were sleep resistant. You were magic-protected. You were telepathic. You were aware of the presence of orcs. You had automatic searching. You had infravision. You were lucky. You are dead. Vanquished creatures: a chameleon a giant beetle a horse a dog a dwarf lord a dust vortex a raven a snake 11 Mordor orcs 3 rock piercers a fog cloud a yellow light a shrieker 2 gnome lords a golden naga hatchling a gray ooze a little dog 2 floating eyes 2 kittens a dwarf 3 hill orcs 5 dwarf zombies 2 wererats 4 iguanas 2 acid blobs a gas spore a hobbit 5 manes a hobgoblin 4 giant rats a cave spider 2 yellow molds a red mold 2 gnomes 2 gnome zombies 6 geckos 7 jackals a fox 4 goblins 10 sewer rats 9 grid bugs 4 bats a lichen 17 newts 130 creatures vanquished. Voluntary challenges: You used a wielded weapon 131 times, starting on turn 85. You read items or engraved 2 times, starting on turn 3721. You never genocided any monsters. You never polymorphed an object. You never changed form. You used no wishes. You never split a pudding. You never wrote Elbereth's name. You violated your moral code, losing 3 points of alignment, starting on turn 3513. Dungeon overview: The Dungeons of Doom: levels 1 to 10 Level 1 a fountain, a sink a long staircase Level 2 a long staircase Level 3 an armor shop, an altar to Ptah, a fountain Level 4 Level 5 a fountain, a sink Level 6 an altar to Thoth, some fountains Level 7 a fountain, a sink Level 8 Level 9 <- You were here Level 10 History has recorded: On T:1 you entered the Dungeons of Doom to retrieve the Amulet of Yendor! On T:734 you reached level 2 of The Dungeons of Doom. On T:1003 you advanced to experience level 2. On T:1294 you advanced to experience level 3. On T:1526 you reached level 3 of The Dungeons of Doom. On T:2260 you reached level 4 of The Dungeons of Doom. On T:2287 you advanced to experience level 4. On T:3067 you reached level 5 of The Dungeons of Doom. On T:3121 you advanced to experience level 5. On T:3506 you reached level 6 of The Dungeons of Doom. On T:3640 you advanced to experience level 6. On T:4261 you reached level 7 of The Dungeons of Doom. On T:4962 you reached level 8 of The Dungeons of Doom. On T:5540 you advanced to experience level 7. On T:5654 you reached level 10 of The Dungeons of Doom. On T:5662 you reached level 9 of The Dungeons of Doom. Score breakdown: Gold: 66 ( 6211 points) Experience: 7 levels (13645 points) Exploration: 10 levels ( 20.83%) (13127 points) Discoveries: 1 item ( 0.36%) ( 1796 points) Valuables value: (no points given unless you survive) Artifact value: 800 ( 9877 points) Variety of kills: 44 monsters ( 11.55%) (10194 points) Turncount: 5773 turns (-1566 points) Survival: died (score multiplied by 80%) Total score: 42627 Latest messages: The gray unicorn butts! The gray unicorn kicks! You see here 49 rocks. (5x) As you read the scroll, it disappears. The spell hits the red mold! You kill the red mold! You are beginning to feel hungry. That food really hit the spot! You finish eating the food ration. You see here a statue of a forest centaur. Please move the cursor to an unknown object. A water nymph [seen: normal vision, infravision] on the floor of a room. Done. You don't have enough energy to cast that spell. The gray unicorn butts! The gray unicorn kicks! You die... Final status: Goodbye TKirby the Wizard, killed by a gray unicorn... You died in The Dungeons of Doom on dungeon level 9 with 42627 points, and 66 pieces of gold, after 5773 moves. You were level 7 with a maximum of 47 hit points when you died.